 Dungeon Crawl Stone Soup version 0.30-a0-956-gcec3b41aec (webtiles) character file.

Game seed: 11092230596399240767

230 lesbiats the Trooper (level 6, -3/66 HPs)
             Began as an Ogre Fighter on Mar 30, 2023.
             Slain by a hound (5 damage)
             ... on level 2 of the Dungeon.
             The game lasted 00:07:23 (2776 turns).

lesbiats the Trooper (Ogre Fighter)                 Turns: 2776, Time: 00:07:24

Health: -3/66      AC:  4    Str: 23    XL:     6   Next: 3%
Magic:  0/6        EV:  9    Int:  9    God:
Gold:   124        SH:  7    Dex:  8    Spells: 5/5 levels left

rFire   . . .      SeeInvis .    a - +0 flail
rCold   . . .      Faith    .    c - +0 kite shield
rNeg    . . .      Spirit   +    b - +0 robe
rPois   .          Reflect  .    (helmet restricted)
rElec   .          Rampage  .    m - +0 cloak
rCorr   .                        (gloves unavailable)
Will    +....                    (boots unavailable)
Stlth   +                        f - amulet of guardian spirit
HPRegen 0.31/turn                g - ring of willpower
MPRegen 0.10/turn                (no ring)

@: no status effects
A: large, unfitting armour, tough skin 1
a: no special abilities


You were on level 2 of the Dungeon.
You visited 1 branch of the dungeon, and saw 4 of its levels.

You collected 124 gold pieces.

Inventory:

Hand Weapons
 a - a +0 flail (weapon)
Missiles
 i - 8 poisoned darts (quivered)
Armour
 b - a +0 robe (worn)
 c - a +0 kite shield (worn)
 m - a +0 cloak (worn)
Jewellery
 f - an amulet of guardian spirit (around neck)
 g - a ring of willpower (left hand)
Scrolls
 h - 3 scrolls of magic mapping {unknown}
 j - a scroll of summoning {unknown}
 l - a scroll of enchant armour {unknown}
 n - 2 scrolls of identify {unknown}
 o - a scroll of teleportation {unknown}
 p - a scroll of amnesia {unknown}
Potions
 e - a potion of heal wounds {unknown}
 k - a potion of ambrosia {unknown}
 q - a potion of flight {unknown}


   Skills:
 + Level 5.4 Fighting
 * Level 4.1 Maces & Flails
 + Level 3.7 Dodging
 - Level 3.0 Shields


You had 5 spell levels left.
You didn't know any spells.
Your spell library was empty.

Dungeon Overview and Level Annotations

Branches:
Dungeon (4/15)
 Temple: D:4-7

Altars:
Qazlal

Shops:
D:4 :


Innate Abilities, Weirdness & Mutations

You are too large for most types of armour.
You have tough skin. (AC +1)


Message History

You are no longer poisoned.
The hound bites you but does no damage. You block the hound's attack.
You closely miss the hound. The hound bites you.
* * * LOW HITPOINT WARNING * * *
You block the hound's attack.
You hit the hound.
The hound is moderately wounded.
The hound bites you but does no damage. x2
You hit the hound.
The hound is moderately wounded.
The hound barely misses you. The hound bites you.
* * * LOW HITPOINT WARNING * * *
You closely miss the hound.
The hound is moderately wounded.
The hound bites you.
* * * LOW HITPOINT WARNING * * *
The hound bites you.
* * * LOW HITPOINT WARNING * * *
You barely miss the hound.
The hound is moderately wounded.
The hound barely misses you. The hound bites you.
* * * LOW HITPOINT WARNING * * *
You closely miss the hound.
The hound is moderately wounded.
The hound closely misses you. The hound bites you but does no damage.
You hit the hound.
The hound is severely wounded.
The hound bites you.
* * * LOW HITPOINT WARNING * * *
You block the hound's attack.
You closely miss the hound.
The hound is heavily wounded.
The hound bites you.
* * * LOW HITPOINT WARNING * * *
The hound bites you.
* * * LOW HITPOINT WARNING * * *
You barely miss the hound.
The hound is heavily wounded.
The hound bites you.
You die...

###..########.########..##.#
...................[....##.#
###..########..............#
#.......# #......##...####
..#..##.# #.####.##...#
###..##.# #.# #.##...#
#..##.#####.####.##...#
#..##|.......h†#.##...#
#...........##@#.##...#
##..........##.#.##...#
##########..##........#
#..............(......#
#.#########.........### #.#
########### #.# ###.# ....#


You could see a hound.

Vanquished Creatures
  A hound (D:2)
  Terence (D:3)
  2 orc wizards
  7 adders
  2 worms (D:2)
  2 dart slugs
  An orc (D:3)
  7 endoplasms
  4 giant cockroaches
  3 goblins
  7 hobgoblins
  3 kobolds
  2 quokkas
  4 ball pythons
  4 bats (D:2)
  4 frilled lizards
  4 rats
58 creatures vanquished.

Notes
Turn   | Place    | Note
-------+----------+-------------------------------------------
     0 | D:1      | lesbiats the Ogre Fighter began the quest for the Orb.
     0 | D:1      | Reached XP level 1. HP: 24/24 MP: 1/1
    75 | D:1      | Reached XP level 2. HP: 32/32 MP: 2/2
   612 | D:2      | Reached XP level 3. HP: 40/40 MP: 3/3
   978 | D:2      | Found a stormy altar of Qazlal.
  1550 | D:2      | Reached XP level 4. HP: 34/49 MP: 2/4
  1948 | D:3      | Noticed Terence
  2409 | D:3      | Killed Terence
  2410 | D:3      | Reached skill level 5 in Fighting
  2410 | D:3      | Reached XP level 5. HP: 57/57 MP: 5/5
  2727 | D:4      | Found Tiok Qoq's Book Shop.
  2767 | D:2      | Reached XP level 6. HP: 18/66 MP: 2/6
  2775 | D:2      | HP: 1/66 [hound (4)]
  2776 | D:2      | Slain by a hound

Illustrated notes

Levels and vault maps discovered:
D:1:      dpeg_arrival_tiny_a, layout_basic, chequers_serial_rivers_small_a
D:2:      minmay_inner_zag, layout_loops_ring, basic_altar
D:3:      layout_basic, uniq_terence
D:4:      layout_rooms, riverfiend_overflow_shadow_ancestor,
          mainiacjoe_overflow_alcove_4, serial_shops, shop

Skill      XL: |  1  2  3  4  5 |
---------------+----------------+-----
Maces & Flails | 2 3 4 |  4.1
Dodging        | 3 |  3.7
Fighting       | 5 |  5.4
Shields        | |  3.0

Action                     |  1- 3 |  4- 6 || total
---------------------------+-------+-------++-------
  Melee: Flail             |   122 |   102 ||   224
    Use: Potion            |       |     1 ||     1
 Armour: Robe              |    42 |    41 ||    83
  Dodge: Dodged            |    37 |    59 ||    96
  Block: Kite shield       |    65 |    57 ||   122

Table legend: (Time is in decaauts)
 A = Elapsed time spent in this place.
 B = Non-inter-level travel time spent in this place.
 C = Inter-level travel time spent in this place.
 D = Time resting spent in this place.
 E = Time spent auto-exploring this place.
 F = Levels seen in this place.
 G = Mean time per level.
                   A        B        C        D        E       F      G
               +--------+--------+--------+--------+--------+-----+--------+
         Total |   2869 |   2677 |    192 |    394 |   1474 |   4 |  717.2 |
       Dungeon |   2869 |   2677 |    192 |    394 |   1474 |   4 |  717.2 |
               +--------+--------+--------+--------+--------+-----+--------+

Top non-repeatable levels by time:
     D:2: 1154 daAuts
     D:3: 945 daAuts
     D:1: 606 daAuts
     D:4: 163 daAuts
